 Dungeon Crawl Stone Soup version 0.31.0-12-g77e489cdc1 (webtiles) character file.

Game seed: 6243413186387032067

3051 Curundu the Protected (level 9, 0/82 HPs)
             Began as a Minotaur Berserker on Feb 29, 2024.
             Was an Elder of Trog.
             Slain by an orc
             ... wielding a +0 flail
              (3 damage)
             ... on level 8 of the Dungeon.
             The game lasted 00:21:13 (7877 turns).

Curundu the Protected (Minotaur Berserker)          Turns: 7877, Time: 00:21:14

Health: 0/82       AC: 17    Str: 26    XL:     9   Next: 57%
Magic:  8/8        EV:  8    Int:  4    God:    Trog [****..]
Gold:   387        SH:  0    Dex: 10    Spells: 8/8 levels left

rFire   . . .        a - +1 hand axe
rCold   . . .        (no shield)
rNeg    . . .        p - +0 plate armour
rPois   +            (helmet restricted)
rElec   .            w - +0 cloak
rCorr   .            (no gloves)
SInv    .            y - +0 pair of boots
Will    .....        (no amulet) Stlth
                     m - ring of poison resistance
HPRegen 0.33/turn    (no ring)
MPRegen 0.11/turn

%: no passive effects
@: on berserk cooldown, slowed, very slow
A: horns 2, retaliatory headbutt
a: Renounce Religion, Berserk, Trog's Hand, Brothers in Arms


You were on level 8 of the Dungeon.
You worshipped Trog.
Trog was greatly pleased with you.
You visited 1 branch of the dungeon, and saw 8 of its levels.

You collected 387 gold pieces.

Inventory:

Hand Weapons
 a - a +1 hand axe (weapon)
 v - a +3 quarterstaff of chaos
 x - a +3 flail of holy wrath
Missiles
 j - 6 boomerangs (quivered)
 B - a throwing net
Armour
 p - a +0 plate armour (worn)
 w - a +0 cloak (worn)
 y - a +0 pair of boots (worn)
 A - a scarf of repulsion
Jewellery
 i - an amulet of faith
 m - a ring of poison resistance (left hand)
 r - a ring of ice
 z - a ring of ice
Wands
 n - a wand of flame (23)
 q - a wand of paralysis (15)
Scrolls
 d - a scroll of silence
 e - a scroll of enchant weapon
 g - 2 scrolls of identify
 h - 9 scrolls of teleportation
Potions
 b - 2 potions of attraction
 c - a potion of brilliance {unknown}
 f - 3 potions of invisibility
 k - a potion of haste
 l - 2 potions of curing
 o - a potion of berserk rage
 s - 3 potions of might


   Skills:
 + Level 8.9 Fighting
 + Level 9.2(9.6) Axes
 - Level 3.7(7.1) Maces & Flails
 - Level 1.4(2.8) Staves
 + Level 9.7 Armour
 + Level 3.4 Dodging
 + Level 0.8 Stealth


You had 8 spell levels left.
You didn't know any spells.
Your spell library was empty.

Dungeon Overview and Level Annotations

Branches:
Dungeon (8/15)             Temple (0/1) D:6            Lair (0/5) D:8

Altars:
Cheibriados
Elyvilon
Nemelex Xobeh
Okawaru
Ru
Vehumet
Wu Jian
Yredelemnul
Zin
The Shining One

Shops:
D:6 (   D:7 *   D:8 [


Innate Abilities, Weirdness & Mutations

You have a pair of horns on your head.
You reflexively headbutt those who attack you in melee.


Message History

You closely miss the electric eel. Your headbutt misses the electric eel.
The electric eel is moderately wounded.
The electric eel shoots out a bolt of lightning at you!
The bolt of electricity hits you!
* * * LOW HITPOINT WARNING * * *
You hit the electric eel.
The electric eel is moderately wounded.
You hit the electric eel.
The electric eel is heavily wounded.
You hit the electric eel. Your headbutt misses the electric eel.
The electric eel is heavily wounded.
You miss the electric eel.
The electric eel is heavily wounded.
The electric eel shoots out a bolt of lightning at you!
The bolt of electricity hits you!
* * * LOW HITPOINT WARNING * * *
You closely miss the electric eel. Your punch misses the electric eel.
The electric eel is heavily wounded.
The electric eel shoots out a bolt of lightning at you!
The bolt of electricity hits you!
* * * LOW HITPOINT WARNING * * *
A red film seems to cover your vision as you go berserk!
You feel yourself moving faster!
You feel mighty!
You closely miss the electric eel.
The electric eel is heavily wounded.
The electric eel shoots out a bolt of lightning at you!
The bolt of electricity hits you.
* * * LOW HITPOINT WARNING * * *
You slash the electric eel!
You kill the electric eel!
Trog accepts your kill.
You enter the shallow water.
Moving in this stuff is going to be slow.
You feel a strong urge to attack something.
You see here an electric eel corpse.
You feel your anger nearly subside.
You are no longer berserk.
You are exhausted.
You feel yourself slow down. The orc hits you but does no damage.
The orc hits you with a +0 flail.
You die...

....>..~≈~~....#
.~....~~~≈~...##.
.≈~~.~.≈≈≈~.....
≈~≈~≈≈h≈≈≈~...###
~≈≈≈≈≈≈≈~~~~.....
≈≈≈≈≈≈≈≈..~...####
.~≈≈≈≈≈~.~..~.....
..~~~~≈†.o..?.##
##.......@.####
#.###.##.†# # ...
#..# #.#. #.$#
#.#. #÷.#
#.####.†#
#.......#
#######.# #.....#


You could see a hound and an orc.

Vanquished Creatures
  Maggie (D:6)
  A steam dragon (D:6)
  Edmund (D:4)
  2 water moccasins (D:6)
  4 black bears
  3 ogres (D:5)
  3 wolves (D:8)
  2 centaurs
  A phantom (D:6)
  A kobold brigand (D:8)
  2 bullfrogs (D:8)
  A gnoll sergeant (D:7)
  2 scorpions
  2 electric eels (D:8)
  A howler monkey (D:4)
  A quasit (D:5)
  An orc priest (D:6)
  2 hounds
  Crazy Yiuf (D:4)
  2 sleepcaps
  An iguana (D:5)
  5 orc wizards
  Robin (D:4)
  11 gnolls
  10 adders
  A shadow imp (D:5)
  2 white imps (D:5)
  6 ufetubi
  3 dart slugs
  17 orcs
  5 endoplasms
  7 giant cockroaches
  14 goblins
  12 hobgoblins
  4 jackals (D:1)
  11 kobolds
  6 quokkas
  5 ball pythons
  A bat (D:1)
  3 frilled lizards
  5 rats
164 creatures vanquished.

Notes
Turn   | Place    | Note
-------+----------+-------------------------------------------
     0 | D:1      | Curundu the Minotaur Berserker began the quest for the Orb.
     0 | D:1      | Reached XP level 1. HP: 19/19 MP: 0/0
   111 | D:1      | Reached XP level 2. HP: 21/27 MP: 1/1
   768 | D:2      | Reached XP level 3. HP: 28/33 MP: 2/2
   840 | D:2      | Reached ** piety under Trog
  1184 | D:2      | HP: 1/33 [goblin/+1 dagger of electrocution (9)]
  1474 | D:3      | Found a faded altar of an unknown god.
  1769 | D:3      | Reached XP level 4. HP: 37/40 MP: 3/3
  1783 | D:3      | Paralysed by a hobgoblin for 4 turns
  1916 | D:3      | Reached skill level 5 in Axes
  1923 | D:3      | Reached *** piety under Trog
  1944 | D:3      | Found a glowing golden altar of the Shining One.
  2585 | D:4      | Reached XP level 5. HP: 47/47 MP: 4/4
  2933 | D:4      | Noticed a black bear
  2940 | D:4      | Killed a black bear
  2941 | D:4      | Reached XP level 6. HP: 51/53 MP: 5/5
  3085 | D:4      | Noticed Robin
  3100 | D:4      | Killed Robin
  3273 | D:4      | Found a runed translucent door.
  3274 | D:4      | Noticed Crazy Yiuf
  3283 | D:4      | Killed Crazy Yiuf
  3386 | D:4      | Noticed Edmund
  3401 | D:4      | Killed Edmund
  3402 | D:4      | Reached skill level 5 in Fighting
  3402 | D:4      | Reached XP level 7. HP: 25/61 MP: 6/6
  3561 | D:5      | Entered Level 5 of the Dungeon
  3587 | D:5      | Reached skill level 1 in Staves
  3587 | D:5      | Reached skill level 5 in Armour
  3626 | D:5      | Reached skill level 1 in Maces & Flails
  3743 | D:5      | Found a radiant altar of Vehumet.
  3746 | D:5      | Found a glowing silver altar of Zin.
  4090 | D:5      | Reached XP level 8. HP: 70/70 MP: 7/7
  4257 | D:5      | Reached **** piety under Trog
  4454 | D:5      | Found an iron altar of Okawaru.
  5131 | D:6      | Noticed Maggie
  5150 | D:6      | Killed Maggie
  5204 | D:6      | Reached XP level 9. HP: 70/80 MP: 8/8
  5350 | D:6      | Found Bazavuuwk's Weapon Boutique.
  5688 | D:6      | Identified the +1 rapier of Sarph {protect, rN+}
  5907 | D:6      | Found a staircase to the Ecumenical Temple.
  6522 | D:7      | Found an ornate altar of the Wu Jian Council.
  6526 | D:7      | Found a snail-covered altar of Cheibriados.
  6615 | D:7      | Found Vieh's Evil Emporium.
  6703 | D:7      | Found a sparkling altar of Nemelex Xobeh.
  6714 | D:7      | Found a sacrificial altar of Ru.
  6721 | D:7      | Found a white marble altar of Elyvilon.
  6846 | D:7      | Found a basalt altar of Yredelemnul.
  7298 | D:8      | Identified the blade talisman "Qewnaoga" {Int+4}
  7410 | D:8      | Found Acenol's Antique Armour Shop.
  7579 | D:8      | Noticed a troll
  7852 | D:8      | Found a staircase to the Lair.
  7871 | D:8      | HP: 2/123 [electric eel/bolt of electricity (6)]
  7877 | D:8      | Slain by an orc

Illustrated notes

Levels and vault maps discovered:
D:1:      wander_arrival_estate, layout_rooms, minmay_misc_feat_more_columns,
          kennysheep_flooded_box, minmay_misc_feat_rows,
          wad_floor_pattern_untrapped, minmay_misc_feat_tiny,
          minmay_fountain_box, kennysheep_crisscross
D:2:      layout_basic
D:3:      layout_loops_corners, nicolae_tso_carved_into_rock,
          hellmonk_ecumenical_altar_run_dry, chequers_serial_rivers_small_b,
          minmay_increasing_density
D:4:      layout_loops_corners, uniq_edmund, uniq_crazy_yiuf_cottage, uniq_robin
D:5:      layout_rooms, mainiacjoe_overflow_small_starburst,
          nicolae_overflow_squiral, serial_demonic, serial_demonic_f,
          serial_demonic_a, serial_demonic_a, serial_demonic_g,
          minmay_fractal_squares_gapless_5
D:6:      layout_basic, temple_hall, serial_shops, shop, uniq_maggie
D:7:      layout_layer_cave, nicolae_overflow_hidden_temple, minitemple,
          nicolae_evil_shop
D:8:      layout_basic, tgw_sif, erik_lair_island, enter_bailey_3, serial_shops,
          nicolae_shop_crystal, nrook_mini_backslash, minmay_crystal_water

Skill      XL: |  1  2  3  4  5  6  7  8  9 |
---------------+----------------------------+-----
Axes           | 4 5 6 7 8 9 |  9.2
Fighting       | 4 5 7 8 |  8.9
Dodging        | 3 |  3.4
Armour         | 3 4 5 8 9 |  9.7
Staves         | 1 |  1.4
Maces & Flails | 2 3 |  3.7
Stealth        | |  0.8

Action                     |  1- 3 |  4- 6 |  7- 9 || total
---------------------------+-------+-------+-------++-------
  Melee: Hand axe          |   107 |    86 |   132 ||   325
         Headbutt          |    14 |    10 |    48 ||    72
         Punch             |     1 |     2 |     3 ||     6
         Quarterstaff      |       |    12 |       ||    12
         Flail             |       |       |   109 ||   109
 Invoke: Trog's Hand       |       |     2 |     4 ||     6
         Berserk           |       |       |     2 ||     2
    Use: Scroll            |       |       |    19 ||    19
 Armour: Animal skin       |    39 |       |       ||    39
         Plate armour      |    41 |   101 |   327 ||   469
  Dodge: Dodged            |    70 |    42 |   139 ||   251
